 Dungeon Crawl Stone Soup version 0.19.3-4-gbf9329e (webtiles) character file.

41 Naow the Conjurer (level 3, 0/19 HPs)
             Began as a Deep Elf Conjurer on Jan 26, 2017.
             Slain by a goblin (2 damage)
             ... led by Robin
             ... on level 2 of the Dungeon.
             The game lasted 00:01:32 (1037 turns).

Naow the Conjurer (Deep Elf Conjurer)               Turns: 1037, Time: 00:01:33

Health: 0/19       AC:  2    Str:  5    XL:     3   Next: 32%
Magic:  0/10       EV: 13    Int: 20    God:
Gold:   47         SH:  0    Dex: 15    Spells: 2 memorised, 7 levels left

rFire  . . .     SeeInvis .     g - +0 dagger
rCold  . . .     Gourm    .     a - +0 robe
rNeg   . . .     Faith    .     (no shield)
rPois  .         Spirit   .     (no helmet)
rElec  .         Reflect  .     (no cloak)
rCorr  .         Harm     .     (no gloves)
MR     .....                    (no boots)
Stlth  ++........               (no amulet)
                                (no ring)
                                (no ring)

@: no status effects
A: no striking features
a: no special abilities


You were on level 2 of the Dungeon.
You were not hungry.

You visited 1 branch of the dungeon, and saw 2 of its levels.

You collected 47 gold pieces.

Inventory:

Hand Weapons
 g - a +0 dagger (weapon)
 i - a +1 dagger of electrocution
Armour
 a - a +0 robe (worn)
Jewellery
 m - a +2 ring of protection {unknown}
Scrolls
 e - a scroll of identify {unknown}
 f - 2 scrolls of recharging {unknown}
 l - a scroll of teleportation {unknown}
Potions
 j - a potion of might {unknown}
 k - a potion of cancellation {unknown}
Books
 b - a book of Conjurations

   Spells                             Type                      Level
   a - Magic Dart                     Conjuration                  1
   b - Searing Ray                    Conjuration                  2
   c - Dazzling Spray                 Conjuration/Hexes            3
   d - Fulminant Prism                Conjuration/Hexes            4
   e - Iskenderun's Mystic Blast      Conjuration                  4
   f - Iskenderun's Battlesphere      Conjuration/Charms           5
Comestibles
 c - a bread ration
 h - a meat ration


   Skills:
 - Level 2.4 Dodging
 - Level 2.4 Stealth
 + Level 4.0 Spellcasting
 * Level 5.2 Conjurations


You had 7 spell levels left.
You knew the following spells:

 Your Spells              Type           Power        Failure   Level  Hunger
a - Magic Dart            Conj           ###.         1%          1    None
b - Searing Ray           Conj           ###...       2%          2    #......


Dungeon Overview and Level Annotations

Branches:
Dungeon (2/15)

Altars:

Annotations:
D:2 Robin


Message History

Robin is severely wounded.
The goblin no longer looks unusually strong.
Robin barely misses you. The goblin misses you.
Robin roars a battlecry!
The goblin goes into a battle-frenzy!
You barely miss Robin.
Robin is severely wounded.
Robin hits you with a whip.
* * * LOW HITPOINT WARNING * * *
The goblin hits you.
* * * LOW HITPOINT WARNING * * *
Casting: Magic Dart
Confirm with . or Enter, or press ? or * to list all spells.
Aiming: Magic Dart
Press: ? - help, Shift-Dir - straight line, f/p - Robin
Aim: Robin, wielding a whip, wearing an animal skin and wearing a helmet (severely wounded, fast)
The magic dart hits Robin.
Robin is severely wounded.
Robin closely misses you. The goblin hits you.
You die...

##############################
#..............)(............####
#.#########################.#....
.[################## ##.####
#..................# ###
..........#.######.##
#.#######......g@g..#### #.#
###..<.>.......# #.#
#.######..##.##### ### #.# #.#
#...[.....####.. #.# #.#
#..##.###....... #.# ### ##.##.#
######.. #. #.##.# ##. #..... #.
#. #.# #.


You could see Robin and a goblin.

Vanquished Creatures
  A dart slug (D:1)
  A leopard gecko (D:1)
  A bat (D:1)
  A giant cockroach (D:1)
  7 goblins
  5 hobgoblins
  6 jackals (D:1)
  A quokka (D:2)
  2 frilled lizards
  3 kobolds (D:1)
  3 rats (D:1)
31 creatures vanquished.

Notes
Turn   | Place    | Note
-------+----------+-------------------------------------------
     0 | D:1      | Naow the Deep Elf Conjurer began the quest for the Orb.
     0 | D:1      | Reached XP level 1. HP: 10/10 MP: 6/6
   219 | D:1      | Reached XP level 2. HP: 15/15 MP: 5/8
   291 | D:1      | Learned a level 2 spell: Searing Ray
   458 | D:1      | Reached skill level 5 in Conjurations
   673 | D:1      | Reached XP level 3. HP: 19/19 MP: 7/10
  1001 | D:2      | Noticed Robin
  1037 | D:2      | Slain by a goblin

Skill      XL: |  1  2  3 |
---------------+----------+-----
Conjurations   | 5 |  5.2
Spellcasting   | 4 |  4.0
Dodging        | |  2.4
Stealth        | |  2.4

Action                   || total
-------------------------++-------
Melee: Dagger            ||    15
 Cast: Magic Dart        ||    64
Armor: Robe              ||     1
Dodge: Dodged            ||    31
